 Dungeon Sprint DCSS version 0.22-a0-874-g9cf2c4c (webtiles) character file.

331 Brynnhild the Slasher (level 6, -5/60 HPs)
             Began as a Draconian Fighter on July 28, 2018.
             Was a Believer of Cheibriados.
             Slain by a two-headed ogre
             ... wielding a +0 giant spiked club
              (13 damage)
             ... in the Dungeon (Sprint IX: "|||||||||||||||||||||||||||||").
             The game lasted 00:01:03 (371 turns).

Brynnhild the Slasher (Draconian Fighter)            Turns: 371, Time: 00:01:04

Health: -5/60      AC:  8    Str: 26    XL:     6   Next: 26%
Magic:  5/8        EV: 17    Int: 12    God:    Cheibriados [**....]
Gold:   0          SH: 11    Dex: 16    Spells: 5/5 levels left

rFire    . . .     SeeInvis .   o - +2 scimitar (elec)
rCold    . . .     Gourm    .   b - +0 shield
rNeg     . . .     Faith    .   (armour unavailable)
rPois    .         Spirit   .   (helmet restricted)
rElec    .         Reflect  .   q - +0 cloak
rCorr    .         Harm     .   (no gloves)
MR       .....     NoTele   +   p - +0 pair of boots
Stlth    +.........             (no amulet)
HPRegen  0.20/turn              r - +3 ring of strength
MPRegen  0.11/turn              s - +2 ring of evasion

@: very slow
A: unfitting armour, cold-blooded, AC +6
a: Bend Time, Renounce Religion


You were in the Dungeon.
You worshipped Cheibriados.
Cheibriados was pleased with you.
You were not hungry.

You visited 1 branch

Inventory:

Hand Weapons
 o - a +2 scimitar of electrocution (weapon)
Armour
 b - a +0 shield (worn)
 p - a +0 pair of boots (worn)
 q - a +0 cloak (worn)
Jewellery
 r - a +3 ring of strength (left hand)
 s - a +2 ring of evasion (right hand)
Wands
 n - a wand of acid (8)
Scrolls
 j - 2 scrolls of blinking
 l - 3 scrolls of remove curse
 m - 2 scrolls of amnesia
Potions
 c - a potion of might
 e - 5 potions of curing
 f - 3 potions of heal wounds
 g - a potion of haste
 h - 4 potions of magic
 k - a potion of invisibility
Comestibles
 d - a ration
 i - 3 chunks of flesh


   Skills:
 + Level 7.5 Fighting
 * Level 7.6 Long Blades
 + Level 6.3 Dodging
 + Level 6.6 Shields
 * Level 3.3 Invocations


You had 5 spell levels left.
You didn't know any spells.
Your spell library was empty.

Dungeon Overview and Level Annotations

Branches:
Dungeon (1/1)

Altars:
Cheibriados
Dithmenos
Elyvilon
Fedhas
Gozag
Hepliaklqana
Kikubaaqudgha
Makhleb
Nemelex Xobeh
Okawaru
Qazlal
Ru
Sif Muna
Trog
Uskayaw
Vehumet
Wu Jian
Xom
Yredelemnul
Zin
The Shining One
Beogh
Jiyva
Lugonu


Innate Abilities, Weirdness & Mutations

Your plain brown scales are hard. (AC +6)
You cannot fit into any form of body armour.
You are cold-blooded and may be slowed by cold attacks.


Message History

Aim: a two-headed ogre, wielding two giant spiked clubs (severely wounded, covered in acid)
The bolt of acid misses the two-headed ogre.
The bolt of acid hits the water moccasin.
The water moccasin is splashed with acid.
The acid corrodes the water moccasin!
You kill the water moccasin!
Cheibriados appreciates the change of pace.
Cheibriados raises the support of your attributes as your movement slows.
Your Long Blades skill increases to level 7!
Your Dodging skill increases to level 6!
Your Invocations skill increases to level 3!
You have reached level 6!
Your experience leads to an increase in your attributes!
Your base attributes are Str 19, Int 8, Dex 11.
Increase (S)trength, (I)ntelligence, or (D)exterity?
You feel agile.
Your scales feel tougher.
The bolt of acid hits the troll.
The troll is splashed with acid.
The troll is almost dead.
The two-headed ogre hits you with a giant spiked club!
You die... ▓▓▓▓▓▓▓▓▓▓▓▓▓▓▓▓▓▓▓▓▓▓▓ _____'..|)(.[.)(@OT...+ ▓▓▓▓▓▓▓▓▓▓▓▓▓▓▓▓▓▓▓▓▓▓▓

You could see a two-headed ogre and a troll.

Vanquished Creatures
  A water moccasin (D)
  A sky beast (D)
  A big kobold (D)
  A hound (D)
  An orc wizard (D)
  A dart slug (D)
  An orc (D)
  A bat zombie (D)
  A goblin (D)
  A hobgoblin (D)
  A jackal (D)
  A kobold (D)
  A bat (D)
  A quokka zombie (D)
14 creatures vanquished.

Notes
Turn   | Place    | Note
-------+----------+-------------------------------------------
     0 | D        | Brynnhild the Draconian Fighter began the quest for the Orb.
     0 | D        | Reached XP level 1. HP: 19/19 MP: 1/1
   155 | D        | Noticed a sky beast
   155 | D        | Noticed an orc wizard
   155 | D        | Noticed a hound
   158 | D        | Killed a sky beast
   158 | D        | Reached skill level 5 in Fighting
   158 | D        | Reached skill level 5 in Shields
   158 | D        | Reached XP level 2. HP: 30/30 MP: 2/2
   158 | D        | Reached XP level 3. HP: 37/37 MP: 3/3
   158 | D        | Reached XP level 4. HP: 44/44 MP: 4/4
   178 | D        | Reached skill level 5 in Long Blades
   178 | D        | Reached skill level 5 in Dodging
   184 | D        | Reached XP level 5. HP: 21/51 MP: 5/5
   191 | D        | Found a roughly hewn altar of Beogh.
   191 | D        | Found a snail-covered altar of Cheibriados.
   191 | D        | Found a shadowy altar of Dithmenos.
   191 | D        | Found a white marble altar of Elyvilon.
   191 | D        | Found a blossoming altar of Fedhas.
   191 | D        | Found an opulent altar of Gozag.
   192 | D        | Found a hazy altar of Hepliaklqana.
   193 | D        | Found a viscous altar of Jiyva.
   194 | D        | Found an ancient bone altar of Kikubaaqudgha.
   195 | D        | Found a corrupted altar of Lugonu.
   197 | D        | Became a worshipper of Cheibriados the Contemplative
   199 | D        | Found a burning altar of Makhleb.
   200 | D        | Found a sparkling altar of Nemelex Xobeh.
   201 | D        | Found an iron altar of Okawaru.
   202 | D        | Found a stormy altar of Qazlal.
   203 | D        | Found a sacrificial altar of Ru.
   204 | D        | Found a deep blue altar of Sif Muna.
   205 | D        | Found a bloodstained altar of Trog.
   206 | D        | Found a hide-covered altar of Uskayaw.
   207 | D        | Found a radiant altar of Vehumet.
   208 | D        | Found an ornate altar of the Wu Jian Council.
   209 | D        | Found a shimmering altar of Xom.
   210 | D        | Found a basalt altar of Yredelemnul.
   211 | D        | Found a glowing silver altar of Zin.
   212 | D        | Found a glowing golden altar of the Shining One.
   356 | D        | Noticed a two-headed ogre
   356 | D        | Noticed a water moccasin
   356 | D        | Noticed a troll
   358 | D        | Reached * piety under Cheibriados
   371 | D        | Killed a water moccasin
   371 | D        | Reached ** piety under Cheibriados
   371 | D        | Reached XP level 6. HP: 8/60 MP: 5/8
   371 | D        | Slain by a two-headed ogre

Vault maps used:
D:        linesprint

Skill      XL: |  1  2  3  4  5 |
---------------+----------------+-----
Dodging        | 4 5 6 |  6.3
Fighting       | 5 6 7 |  7.5
Long Blades    | 4 5 7 |  7.6
Shields        | 5 6 |  6.6
Invocations    | 3 |  3.3

Action                   |  1- 3 |  4- 6 || total
-------------------------+-------+-------++-------
Melee: Long sword        |    18 |    24 ||    42
       Tailslap          |     2 |     5 ||     7
       Scimitar          |       |    11 ||    11
Evoke: Wand              |       |     2 ||     2
  Use: Potion            |     1 |       ||     1
Armor: Skin              |     7 |    13 ||    20
Dodge: Dodged            |     7 |    11 ||    18
Block: Shield            |     4 |    14 ||    18
       Rpst.: Long sword |     1 |     1 ||     2
       Scimitar          |       |     2 ||     2

Table legend:
 A = Spawn XP
 B = Non-spawn XP
 C = Spawn XP percentage of total XP
 D = Spawn monster count
 E = Non-spawn monster count
 F = Spawn count percentage of total count
 G = Total turns spent on level
                    A         B        C        D         E        F      G
               +---------+---------+-------+---------+---------+-------+---------
         Total |       0 |     474 |   0.0 |       0 |      14 |   0.0 |   371
               +---------+---------+-------+---------+---------+-------+---------
             D |       0 |     474 |   0.0 |       0 |      14 |   0.0 |   371
               +---------+---------+-------+---------+---------+-------+---------
